Map: Altitude LE

Players

Goliath - Winner!

  • Race: Terran Terran
  • League: Grandmaster
  • Spawn Location: 7:00

A.I. 1 (Very Easy)

  • Race: Protoss Protoss
  • Spawn Location: 1:00

VOD

Have the link to the VOD?

Description

Time

  • Played on: March 29, 2023, 12:05 a.m.
  • Length: 10:37
Show
View Real Time Build Order
Export as new Build Order

Goliath Terran - Winner!

Build Orders: Reaper Expand 

Get SALT Encoding   

  12  0:00  SCV  
  13  0:12  SCV  
  14  0:17  Supply Depot  
  14  0:24  SCV  
  15  0:39  SCV  
  15  0:40  Barracks  
  16  0:44  Refinery  
  16  0:51  SCV  
  17  1:03  SCV  
  18  1:15  SCV  
  19  1:27  Orbital Command  
  19  1:29  Reaper  
  20  1:43  Command Center  
  20  1:52  SCV  
  21  1:55  Supply Depot  
  21  2:00  Marine  
  22  2:04  SCV  
  23  2:17  SCV  
  23  2:19  Factory, Marine  
  25  2:24  Bunker  
  25  2:29  SCV  
  26  2:35  Barracks  
  26  2:38  Barracks Reactor  
  26  2:41  SCV  
  27  2:48  Refinery  
  27  2:53  SCV  
  27  2:55  Orbital Command  
  28  3:05  Factory Tech Lab, SCV  
  29  3:15  Marine x2  
  29  3:18  SCV  
  32  3:20  SCV  
  32  3:24  Cyclone  
  32  3:25  Barracks Tech Lab  
  36  3:30  SCV  
  36  3:32  SCV  
  36  3:33  Supply Depot  
  38  3:34  Marine x2  
  40  3:42  SCV  
  40  3:43  Stimpack, Marine  
  40  3:44  SCV  
  43  3:52  Marine x2  
  43  3:54  SCV  
  46  3:57  Supply Depot, SCV  
  46  4:01  Barracks  
  47  4:06  SCV  
  47  4:09  SCV  
  49  4:11  Engineering Bay, Marine x3  
  52  4:18  SCV  
  52  4:21  SCV  
  54  4:26  Supply Depot  
  54  4:29  Refinery, Marine x3  
  54  4:30  SCV  
  58  4:33  SCV  
  58  4:38  Terran Infantry Weapons Level 1  
  59  4:42  SCV  
  59  4:45  Factory Reactor, SCV  
  61  4:47  Marine  
  61  4:48  Marine x2  
  61  4:49  Combat Shield  
  61  4:50  Marine  
  61  4:51  Starport  
  65  4:54  Supply Depot  
  65  4:57  SCV x2  
  67  5:04  Marine  
  67  5:05  Marine x2  
  70  5:11  Supply Depot  
  70  5:15  Supply Depot  
  70  5:16  SCV, Marine  
  70  5:17  SCV  
  73  5:23  Concussive Shells  
  73  5:28  SCV, Marine x3  
  74  5:29  SCV  
  74  5:30  Factory Reactor  
  74  5:33  Marine  
  74  5:35  Medivac x2  
  83  5:40  Supply Depot  
  83  5:41  Supply Depot, SCV x2  
  85  5:46  Marine x2  
  85  5:47  Marauder  
  89  5:52  Marauder  
  91  5:58  SCV x2  
  91  6:04  Supply Depot, Marine x2  
  94  6:06  Supply Depot  
  94  6:08  Marauder  
  94  6:09  Medivac x2  
  94  6:10  Widow Mine x2  
  105  6:13  Marauder  
  105  6:15  SCV x2  
  109  6:23  Supply Depot  
  109  6:25  Marine  
  110  6:26  Supply Depot, Marine  
  110  6:29  Marauder  
  110  6:32  Terran Infantry Armor Level 1, Widow Mine x2  
  117  6:35  Marauder  
  119  6:42  Supply Depot  
  119  6:43  Supply Depot  
  119  6:44  Marine x2  
  119  6:45  Medivac  
  123  6:51  Medivac  
  125  6:54  SCV x2  
  125  6:56  Refinery  
  125  6:59  Marauder x2  
  131  7:05  Supply Depot  
  131  7:06  Supply Depot x2, Widow Mine  
  131  7:07  Widow Mine, Marine  
  136  7:09  Marine  
  137  7:22  Marauder x2  
  141  7:25  Marine  
  141  7:27  Marine  
  141  7:28  Widow Mine x2  
  147  7:30  SCV x2  
  147  7:36  Command Center  
  149  7:43  SCV x2  
  151  7:45  Marauder x2, Marine x2  
  159  7:52  Liberator  
  159  7:53  Liberator  
  159  7:56  Widow Mine  
  159  7:57  Widow Mine  
  167  8:03  SCV x2  
  169  8:09  Supply Depot  
  169  8:10  Supply Depot  
  169  8:13  Marauder x2, Marine x2  
  169  8:18  SCV x2  
  177  8:23  Widow Mine x2  
  181  8:30  SCV x2  
  183  8:35  Barracks  
  183  8:36  Barracks  
  183  8:39  Marauder x2  
  183  8:40  Marine x2  
  189  8:47  Liberator  
  189  8:48  Liberator  
  195  8:50  Widow Mine  
  195  8:52  Widow Mine  
  195  8:54  Orbital Command  
  199  9:08  Refinery  
  200  9:15  Engineering Bay, Armory  
  199  9:26  Barracks Tech Lab  
  199  9:27  Barracks Reactor  
  199  10:22  Starport, Barracks  
  199  10:23  Barracks  
Show
View Real Time Build Order
Export as new Build Order

A.I. 1 (Very Easy) Protoss 

Build Orders:  

Get SALT Encoding   

  12  0:00  Probe  
  13  0:13  Probe  
  14  0:20  Pylon  
  14  0:37  Assimilator  
  14  0:43  Gateway  
  14  0:45  Pylon  
  14  1:14  Assimilator  
  14  1:18  Probe  
  15  1:26  Probe  
  15  1:32  Cybernetics Core  
  16  1:34  Probe  
  17  1:44  Probe  
  18  1:56  Probe  
  18  1:59  Warp Gate  
  19  2:04  Probe  
  20  2:11  Stalker  
  22  4:15  Probe  
  22  5:19  Zealot  
  22  5:20  Probe  
  25  5:22  Pylon  
  25  5:23  Robotics Facility  
  25  5:33  Probe  
  26  5:45  Probe  
  25  5:57  Probe  
  25  6:02  Pylon  
  26  6:09  Probe  
  26  6:10  Zealot  
  30  6:11  Observer  
  30  6:17  Probe  
  32  6:32  Observer  
  32  7:02  Stalker  
  32  7:05  Nexus  
  33  8:16  Probe  
  34  8:23  Probe  
  35  8:28  Probe  
  35  8:30  Assimilator  
  36  8:35  Probe  
  36  8:36  Assimilator  
  37  8:42  Probe  
  38  8:53  Probe  
  39  9:00  Probe  
  40  9:08  Probe  
  41  9:12  Probe  
  42  9:22  Probe  
  43  9:25  Probe  
  44  9:36  Probe  
  45  9:39  Probe  
  46  9:49  Stalker  
  48  9:57  Pylon  
  48  9:58  Probe  
  24  10:10  Probe  
  23  10:18  Zealot  
Tags
 
Add a new tag
Caveats
  • Supply blocks, unpowered buildings, or Contaminate may cause inaccurate times.
  • Supply counts are checked every 10 seconds.